 Dungeon Crawl Stone Soup version 0.21.1-1-g345015f (webtiles) character file.

35 lyrx the Conjurer (level 3, 0/24 HPs)
             Began as a Demonspawn Conjurer on Apr 5, 2018.
             Killed by nerve-wracking pain
             ... invoked by Grinder
              (14 damage)
             ... on level 3 of the Dungeon.
             The game lasted 00:07:59 (1552 turns).

lyrx the Conjurer (Demonspawn Conjurer)             Turns: 1552, Time: 00:08:00

Health: 0/24       AC:  2    Str:  8    XL:     3   Next: 16%
Magic:  1/6        EV: 12    Int: 17    God:
Gold:   99         SH:  0    Dex: 13    Spells: 3/6 levels left

rFire    . . .     SeeInvis .   d - +0 club
rCold    . . .     Gourm    .   (no shield)
rNeg     . . .     Faith    .   a - +0 robe
rPois    .         Spirit   .   (no helmet)
rElec    .         Reflect  .   (no cloak)
rCorr    .         Harm     .   (no gloves)
MR       .....                  (no boots)
Stlth    ++........             (no amulet)
HPRegen  0.08/turn              (no ring)
MPRegen  0.10/turn              (no ring)

@: lethally poisoned (0 -> -3)
A: talons 2
a: no special abilities


You were on level 3 of the Dungeon.
You were not hungry.

You visited 1 branch of the dungeon, and saw 3 of its levels.

You collected 99 gold pieces.

Inventory:

Hand Weapons
 d - a +0 club (weapon)
 i - a +0 hunting sling
Missiles
 h - a throwing net (quivered)
 j - 87 stones
Armour
 a - a +0 robe (worn)
Jewellery
 f - a cursed ring of loudness {unknown}
Scrolls
 e - a scroll of noise {unknown}
 g - 2 scrolls of identify {unknown}
 l - 2 scrolls of remove curse {unknown}
 r - a scroll of teleportation {unknown}
Potions
 k - a potion of curing {unknown}
 m - a potion of lignification {unknown}
 n - a potion of flight {unknown}
 o - a potion of cancellation {unknown}
 q - a potion of might {unknown}
Books
 b - a book of Conjurations

   Spells                             Type                      Level
   a - Magic Dart                     Conjuration                  1
   b - Searing Ray                    Conjuration                  2
   c - Dazzling Spray                 Conjuration/Hexes            3
   d - Fulminant Prism                Conjuration/Hexes            4
   e - Force Lance                    Conjuration/Translocation    4
   f - Iskenderun's Mystic Blast      Conjuration                  4
Comestibles
 c - 2 rations


   Skills:
 - Level 1.7 Dodging
 - Level 1.7 Stealth
 - Level 2.0 Spellcasting
 * Level 5.1 Conjurations


You had 3 spell levels left.
You knew the following spells:

 Your Spells              Type           Power        Failure   Level  Hunger
a - Magic Dart            Conj           ###.         2%          1    #......
b - Searing Ray           Conj           ###...       3%          2    ###....


Dungeon Overview and Level Annotations

Branches:
Dungeon (3/15)

Altars:

Annotations:
D:3 Grinder


Innate Abilities, Weirdness & Mutations

You have razor-sharp toenails.


Message History

Grinder says, "You look like you could use a good racking."
The giant cockroach bites you but does no damage.
You hit the giant cockroach.
The giant cockroach is severely wounded.
The giant cockroach misses you. The giant cockroach barely misses you.
Grinder blinks!
You closely miss the giant cockroach.
The giant cockroach is severely wounded.
The giant cockroach barely misses you.
You hit the giant cockroach but do no damage.
Your kick misses the giant cockroach.
The giant cockroach is severely wounded.
You feel sick. The giant cockroach barely misses you.
Grinder blinks!
The giant cockroach barely misses you.
You closely miss the giant cockroach.
The giant cockroach is severely wounded.
Grinder gestures at you. Pain shoots through your body!
Ouch! That really hurt!
You die...

#######.###.###
#.# #.# #.# #.#
..# #.# ### #.#
#.# #5# #.# #@#
#####s# #...#.#
#§#.#.# #s#§#§#
#.#.#.# #.#.#.#
#.#.#.# #5#.#.#


You could see Grinder and a giant cockroach.

Vanquished Creatures
  An adder (D:3)
  A dart slug (D:1)
  2 leopard geckos (D:1)
  3 bats
  2 goblins
  4 jackals (D:2)
  4 kobolds
  4 rats
21 creatures vanquished.

Notes
Turn   | Place    | Note
-------+----------+-------------------------------------------
     0 | D:1      | lyrx the Demonspawn Conjurer began the quest for the Orb.
     0 | D:1      | Reached XP level 1. HP: 13/13 MP: 3/3
   372 | D:1      | Gained mutation: You have sharp toenails. [demonic ancestry]
   372 | D:1      | Reached XP level 2. HP: 19/19 MP: 0/5
   874 | D:2      | Learned a level 2 spell: Searing Ray
  1509 | D:3      | Noticed Grinder
  1547 | D:3      | Reached skill level 5 in Conjurations
  1547 | D:3      | Gained mutation: You have razor-sharp toenails. [demonic ancestry]
  1547 | D:3      | Reached XP level 3. HP: 16/24 MP: 0/6
  1552 | D:3      | Killed from afar by Grinder

Skill      XL: |  1  2 |
---------------+-------+-----
Conjurations   | 5 |  5.1
Dodging        | |  1.7
Stealth        | |  1.7
Spellcasting   | |  2.0

Action                   || total
-------------------------++-------
Melee: Club              ||    38
       Kick              ||     5
 Cast: Magic Dart        ||    35
       Searing Ray       ||     2
  Use: Potion            ||     2
 Stab: Sleeping          ||     1
  Eat: Ration            ||     1
       Chunk             ||     1
Armor: Robe              ||    10
Dodge: Dodged            ||    48
